 Dungeon Crawl Stone Soup version 0.17-a0-2111-ge77a051 (webtiles) character file.

11095 Geeful the Grappler (level 11, -2/111 HPs)
             Began as a Troll Warper on Oct 19, 2015.
             Slain by a killer bee (5 damage)
             ... on level 10 of the Dungeon.
             The game lasted 00:54:03 (12828 turns).

Geeful the Grappler (Troll Warper)                 Turns: 12828, Time: 00:54:03

Health: -2/111     AC: 10    Str: 21    XL:     11   Next: 44%
Magic:  13/13      EV: 13    Int:  9    God:
Gold:   670        SH:  0    Dex: 12    Spells: 3 memorised, 10 levels left

rFire  + . .     SeeInvis .       - Unarmed
rCold  + . .     Clarity  +     o - +2 robe {Archmagi}
rNeg   + . .     SustAt   +     (no shield)
rPois  +         Gourm    +     (helmet restricted)
rElec  +         Spirit   .     r - +2 cloak {+Inv}
rCorr  +         Warding  .     (gloves unavailable)
rMut   .         Stasis   .     (boots unavailable)
MR     .....                    C - amulet of clarity
Stlth  +.........               v - ring of positive energy
                                s - ring of sustain attributes

@: lethally poisoned (-2 -> -2), resistant, very slightly contaminated, not
resistant to hostile enchantments, very unstealthy
A: unfitting armour, claws 3, fast metabolism 3, gourmand, regeneration 2,
shaggy fur 1, tough skin 2
a: Evoke Invisibility


You were on level 10 of the Dungeon.
You were full.

You visited 3 branches of the dungeon, and saw 13 of its levels.

You collected 719 gold pieces.
You spent 49 gold pieces at shops.

Inventory:

Missiles
 i - 3 tomahawks of returning (quivered)
 l - 57 poisoned needles
 p - 10 tomahawks
 A - 6 curare-tipped needles
Armour
 o - a +2 robe of the Archmagi (worn)
 r - a +2 cloak of invisibility (worn)
 t - a +1 robe of cold resistance
Jewellery
 s - a ring of sustain attributes (left claw)
 v - a ring of positive energy (right claw)
 y - an uncursed ring of stealth
 C - an amulet of clarity (around neck)
 J - an uncursed ring of positive energy
Wands
 g - a wand of slowing (0)
 k - a wand of fireball (1)
 m - a wand of polymorph (4)
 D - a wand of paralysis (9)
 E - a wand of draining (0)
 G - a wand of slowing (9)
Scrolls
 a - 2 scrolls of amnesia
 d - 2 scrolls of magic mapping
 n - 4 scrolls of teleportation
 u - 2 scrolls of identify
 x - a scroll of enchant armour
Potions
 f - 4 potions of flight
Books
 b - a book of Spatial Translocations

   Spells                             Type                      Level
   a - Apportation                    Translocation                1
   b - Blink                          Translocation                2
   c - Shroud of Golubria             Charms/Translocation         2
   d - Portal Projectile              Translocation                3
   e - Teleport Other                 Translocation                3
   f - Passage of Golubria            Translocation                4
 h - a book of Clouds

   Spells                             Type                      Level
   a - Mephitic Cloud                 Conjuration/Poison/Air       3
   b - Conjure Flame                  Conjuration/Fire             3
   c - Poisonous Cloud                Conjuration/Poison/Air       6
   d - Freezing Cloud                 Conjuration/Ice/Air          6
   e - Ring of Flames                 Charms/Fire                  7
 z - a book of Geomancy

   Spells                             Type                      Level
   a - Sandblast                      Earth                        1
   b - Stoneskin                      Transmutation/Earth          2
   c - Passwall                       Transmutation/Earth          3
   d - Stone Arrow                    Conjuration/Earth            3
   e - Petrify                        Transmutation/Earth          4
   f - Lee's Rapid Deconstruction     Earth                        5
 B - a book of Cantrips

   Spells                             Type                      Level
   a - Corona                         Hexes                        1
   b - Animate Skeleton               Necromancy                   1
   c - Summon Small Mammal            Summoning                    1
   d - Apportation                    Translocation                1
Miscellaneous
 j - a fan of gales (inert)
Comestibles
 e - 13 bread rations
 q - 9 meat rations
 w - 3 beef jerkies
 F - 8 slices of pizza


   Skills:
 - Level 8.2 Fighting
 + Level 2.7 Throwing
 - Level 8.2 Dodging
 - Level 9.6 Unarmed Combat
 - Level 2.6 Spellcasting
 - Level 3.7 Translocations
 - Level 3.7 Evocations


You had 10 spell levels left.
You knew the following spells:

 Your Spells              Type           Power        Failure   Level  Hunger
a - Apportation           Tloc           ##........   10%         1    ##.....
b - Blink                 Tloc           N/A          12%         2    ###....
c - Shroud of Golubria    Chrm/Tloc      #.........   21%         2    ###....


Dungeon Overview and Level Annotations

Branches:
Dungeon (11/15)            Temple (1/1) D:4            Lair (1/8) D:8
    Orc: D:9-12

Altars:
Ashenzari
Cheibriados
Dithmenos
Elyvilon
Fedhas
Gozag
Kikubaaqudgha
Makhleb
Nemelex Xobeh
Okawaru
Qazlal
Ru
Sif Muna
Trog
Vehumet
Xom
Yredelemnul
Zin
The Shining One
Lugonu

Shops:
D:4 ?


Innate Abilities, Weirdness & Mutations

You are too large for most types of armour.
You have claws for hands.
Your metabolism is lightning-fast.
You like to eat raw meat.
You heal very quickly.
You are covered in fur (AC +1).
You have very tough skin (AC +2).


Message History

Use which ability?
You fail to use your ability.
The killer bee closely misses you. The killer bee closely misses you.
Your air elemental barely misses the killer bee.
The killer bee barely misses you.
The killer bee stings you but does no damage.
Your air elemental barely misses the killer bee.
Use which ability?
You fail to use your ability.
Your air elemental completely misses the killer bee.
The killer bee stings you.
* * * LOW HITPOINT WARNING * * *
You are poisoned.
The killer bee poisons you! The killer bee misses you.
Your air elemental hits the killer bee!
The killer bee closely misses you. The killer bee misses you.
Your air elemental hits the killer bee!
You mangle the killer bee!!
You kill the killer bee!
You feel sick. The killer bee stings you.
You die...

......# #.#.# #.# #.#
#####.# #.#.# #.# #.#
....#.# #...# #.# #.#
.##.#.# ##..# #.# #.#
....#.# #..###### #.#
#.. .####.#
#######..##...# #.#
#.. ....#.#
#........##...# #.#
#.. .##.#.#
#........##...#####.#
#.. ....#.#
#......y@†E...'..##.#
#.. #####.#
###########...##.##.#
#.. ....#.########
#...##.##.# #.[
###.#........#
#...##.##.# #..
#.########.#
#...##.##.# #.. #.#
#.# ######.##.# ##.
#.# #.###########.##.#
#. #.#
#.##..........##.#####
#.#
#.##.###########......


You could see a killer bee and a friendly air elemental.

Vanquished Creatures
  Erolcha (D:8)
  A death yak (D:8)
  A hill giant (D:10)
  The ghost of edsrzf the Ruffian, a novice TrMo of Cheibriados (D:4)
  4 spiny frogs
  2 trolls
  5 blink frogs (Lair:1)
  A two-headed ogre (D:9)
  A wyvern (D:8)
  A hog (D:7)
  A deep elf mage (D:9)
  A human (D:7)
  3 hippogriffs
  Eustachio (D:4)
  Grum (D:8)
  A yak (D:8)
  A hungry ghost (D:8)
  2 wolves (D:8)
  A water moccasin (Lair:1)
  A porcupine (Lair:1)
  5 orc warriors
  A phantom (D:4)
  A sky beast (D:8)
  A wasp (D:11)
  5 ogres
  A centaur (D:8)
  A crocodile (Lair:1)
  Blork the orc (D:4)
  9 giant frogs
  4 scorpions
  5 wights (D:8)
  2 killer bees (D:10)
  An electric eel (Lair:1)
  2 crimson imps
  A gnoll shaman (D:6)
  6 hounds
  A giant frog zombie (D:6)
  Crazy Yiuf (D:4)
  3 iguanas (Lair:1)
  Ijyb (D:3)
  2 jellies
  4 giant frog skeletons
  An iron imp (D:9)
  2 orc priests
  A centaur skeleton (D:8)
  Terence (D:3)
  6 orc wizards
  2 quasits
  5 worker ants
  8 sheep
  A hound skeleton (D:5)
  2 hound zombies (D:8)
  Robin (D:3)
  20 gnolls
  A worker ant zombie (D:6)
  6 adders
  14 river rats
  A shadow imp (D:5)
  An ooze (D:5)
  4 adder skeletons
  An adder zombie (D:6)
  A worm (D:3)
  7 giant geckos
  28 orcs
  A ball python (D:1)
  4 giant cockroaches
  18 goblins
  15 hobgoblins
  10 jackals
  8 kobolds
  9 quokkas
  7 bats
  A giant cockroach zombie (D:6)
  2 giant gecko skeletons
  4 giant newts
  A goblin skeleton (D:7)
  A goblin zombie (D:7)
  A hobgoblin zombie (D:7)
  A jackal skeleton (D:6)
  A jackal zombie (D:6)
  3 kobold skeletons (D:7)
  A kobold zombie (D:7)
  3 orc skeletons (D:7)
  2 quokka zombies (D:6)
  22 rats
  A spectral orc (D:5)
  A fungus (D:4)
320 creatures vanquished.

Vanquished Creatures (others)
  A plant (D:8)
1 creature vanquished.

Grand Total: 321 creatures vanquished

Notes
Turn   | Place    | Note
--------------------------------------------------------------
     0 | D:1      | Geeful the Troll Warper began the quest for the Orb.
     0 | D:1      | Reached XP level 1. HP: 19/19 MP: 1/1
   143 | D:1      | Reached XP level 2. HP: 28/28 MP: 3/3
   704 | D:2      | Learned a level 2 spell: Blink
  1044 | D:2      | Reached XP level 3. HP: 33/35 MP: 4/4
  1569 | D:3      | Noticed Sigmund
  1590 | D:3      | Noticed Sigmund
  1590 | D:3      | Sigmund changed into Sigmund the worker ant
  1595 | D:3      | Killed Sigmund the worker ant
  1652 | D:3      | Reached XP level 4. HP: 26/42 MP: 5/5
  1690 | D:3      | Noticed Robin
  1777 | D:3      | Killed Robin
  1988 | D:3      | Found a sacrificial altar of Ru.
  2001 | D:3      | Reached XP level 5. HP: 46/50 MP: 6/6
  2015 | D:3      | Reached skill level 3 in Unarmed Combat
  2172 | D:3      | Noticed an orc warrior
  2487 | D:3      | Noticed Terence
  2525 | D:3      | Learned a level 2 spell: Shroud of Golubria
  2537 | D:3      | Killed Terence
  2582 | D:3      | Found a glowing silver altar of Zin.
  2677 | D:3      | Killed an orc warrior
  2677 | D:3      | Reached XP level 6. HP: 56/59 MP: 6/8
  2918 | D:3      | Noticed Ijyb
  2925 | D:3      | Killed Ijyb
  3151 | D:4      | Noticed edsrzf's ghost (novice TrMo)
  3308 | D:4      | Noticed Blork the orc
  3313 | D:4      | Reached XP level 7. HP: 23/67 MP: 9/9
  3391 | D:4      | Killed Blork the orc
  3445 | D:4      | Found a bloodstained altar of Trog.
  3465 | D:4      | Reached skill level 4 in Unarmed Combat
  4040 | D:4      | Noticed Crazy Yiuf
  4054 | D:4      | Killed Crazy Yiuf
  4185 | D:4      | Found a staircase to the Ecumenical Temple.
  4190 | Temple   | Entered the Ecumenical Temple
  4332 | D:4      | Found Cimoro's Magic Scroll Shop.
  4337 | D:4      | Bought a scroll of magic mapping for 49 gold pieces
  4384 | D:4      | Noticed Eustachio
  4394 | D:4      | Killed Eustachio
  4394 | D:4      | Reached XP level 8. HP: 66/78 MP: 10/10
  4682 | D:4      | Killed edsrzf's ghost
  4682 | D:4      | Reached skill level 5 in Unarmed Combat
  4992 | D:5      | Entered Level 5 of the Dungeon
  5201 | D:5      | Found a basalt altar of Yredelemnul.
  5279 | D:5      | Found a basalt altar of Yredelemnul.
  5335 | D:5      | Reached skill level 5 in Dodging
  5340 | D:5      | Reached skill level 5 in Fighting
  5340 | D:5      | Reached skill level 6 in Unarmed Combat
  5567 | D:5      | Found a burning altar of Makhleb.
  5650 | D:6      | Found an iron altar of Okawaru.
  5744 | D:6      | Found a shimmering altar of Xom.
  5874 | D:6      | Reached XP level 9. HP: 62/88 MP: 11/11
  6153 | D:6      | HP: 2/88 [orc warrior/scimitar (16)]
  6822 | D:7      | Found a glowing golden altar of the Shining One.
  7123 | D:7      | Found a sparkling altar of Nemelex Xobeh.
  7148 | D:7      | Found a deep blue altar of Sif Muna.
  7270 | D:7      | Reached skill level 7 in Unarmed Combat
  7387 | D:7      | Found a white marble altar of Elyvilon.
  7704 | D:8      | Noticed Erolcha
  7717 | D:8      | Killed Erolcha
  7751 | D:8      | Noticed a death yak
  7777 | D:8      | Killed a death yak
  7777 | D:8      | Reached skill level 8 in Unarmed Combat
  7777 | D:8      | Reached XP level 10. HP: 64/100 MP: 8/12
  7861 | D:8      | Noticed Grum
  7881 | D:8      | Killed Grum
  7891 | D:8      | Noticed a spiny frog
  7910 | D:8      | Killed a spiny frog
  7997 | D:8      | Reached skill level 1 in Evocations
  8293 | D:8      | Found a staircase to the Lair.
  8534 | D:8      | Found an ancient bone altar of Kikubaaqudgha.
  9025 | D:9      | Found a snail-covered altar of Cheibriados.
  9176 | D:9      | Reached skill level 9 in Unarmed Combat
  9746 | D:9      | Found a deep blue altar of Sif Muna.
 10096 | D:10     | Entered Level 10 of the Dungeon
 10207 | D:10     | Noticed a hill giant
 10228 | D:10     | Killed a hill giant
 10228 | D:10     | Reached XP level 11. HP: 61/111 MP: 13/13
 11076 | D:8      | Noticed a spiny frog
 11091 | D:8      | Killed a spiny frog
 11165 | Lair:1   | Entered Level 1 of the Lair of Beasts
 12049 | Lair:1   | Reached skill level 1 in Throwing
 12798 | D:11     | Paralysed by a wasp for 2 turns
 12811 | D:11     | Noticed a four-headed hydra
 12819 | D:11     | HP: 5/111 [killer bee (9)]
 12827 | D:10     | HP: 4/111 [killer bee (4)]
 12828 | D:10     | Slain by a killer bee

Vault maps used:
D:1:      mainiacjoe_arrival_reflecting_pool
D:3:      zin_treasury, nicolae_ru_great_annihilating_truth, uniq_sigmund,
          uniq_terence, uniq_iyjb, uniq_robin
D:4:      bloody_trog, temple_doors_d, serial_shops, shop, uniq_blork_the_orc,
          uniq_crazy_yiuf_cottage, uniq_eustachio
D:5:      yredelemnul_forgotten_temple_becter, lemuel_round_altar, basic_altar,
          first_bread
D:6:      overflow_temple_1_default, nicolae_overflow_crystal_walls,
          serial_undead, serial_undead_c, serial_undead_d, serial_undead_d,
          serial_undead_e, serial_undead_b, serial_undead_e
D:7:      lemuel_doored_altar, kennysheep_mini,
          nemelex_xobeh_ov_fountains_minmay, grunt_livestock,
          nicolae_tso_besieged_by_evil
D:8:      kiku_gazebo_garden_becter, dpeg_lair_monsters, serial_park_tiny_1,
          uniq_grum, uniq_erolcha
D:9:      slow_altar_1, serial_column_ruins, column_ruins_grid_1,
          column_ruins_corridor_straight, column_ruins_open_tiny,
          column_ruins_grid_3, column_ruins_corridor_corner,
          column_ruins_columns_T, column_ruins_grid_1, led_sif_book
D:10:     dk_rats_in_the_wall
D:11:     uniq_harold
Temple:   corrupted_temple
Lair:1:   serial_bayou_shore_a

Action                   |  1- 3 |  4- 6 |  7- 9 | 10-12 || total
-------------------------+-------+-------+-------+-------++-------
Melee: Unarmed           |   156 |   222 |   407 |   427 ||  1212
Throw: Tomahawk          |       |       |     6 |       ||     6
 Cast: Shroud of Golubri |       |       |     3 |       ||     3
 Abil: Evoke Invisibilit |       |       |     1 |       ||     1
Evoke: Wand              |     2 |     4 |     9 |     8 ||    23
       Fan of gales      |       |       |       |     1 ||     1
  Use: Potion            |     3 |     2 |     7 |     4 ||    16
       Scroll            |       |     9 |     8 |     4 ||    21
 Stab: Sleeping          |       |     1 |     1 |       ||     2
       Invisible         |       |     1 |     3 |       ||     4
       Paralysed         |       |     2 |       |     1 ||     3
       Distracted        |       |       |     1 |     1 ||     2
  Eat: Chunk             |    21 |    15 |    42 |    47 ||   125
       Fruit             |       |       |       |     3 ||     3
